Description

The fastest way to do it.

VOD

https://www.youtube.com/watch?v=kUc3MJxRPjI

Replay - INnoVation v losira: Game 1 - Echo LE (Void)

Build Order

Get SALT Encoding   

  14  0:17  Supply Depot  
  15  0:40  Barracks  1st
  16  0:43  Refinery  1st
  19  1:27  Orbital Command, Reaper  
  20  1:38  Command Center  
  20  1:50  Barracks  2nd
  21  1:59  Barracks Reactor  
  22  2:09  Supply Depot  
  22  2:12  Refinery  2nd
  22  2:22  Factory  
  26  2:37  Barracks Tech Lab  
  27  2:56  Stimpack  
  31  3:00  Orbital Command  
  32  3:15  Starport  
  32  3:23  Factory Reactor  
  37  3:35  Supply Depot  
  44  3:58  Supply Depot  
  44  4:01  Medivac x2  
  53  4:11  Engineering Bay  
  54  4:22  Supply Depot  
  58  4:30  Action  Attack with 2 medivac and 16 marine
  58  4:31  Medivac  
  62  4:39  Terran Infantry Weapons Level 1  
  66  4:59  Combat Shields  
  72  5:17  Command Center  
  72  5:19  Factory Reactor  
  73  5:26  Barracks x3  Total = 5
  75  6:00  Refinery x2  3rd and 4th
Spawning Tool Build Advisor. Get it on Overwolf

Go to:

Details

  • Created by: cristianso
  • Published on: Aug 19, 2017
  • Modified on: Aug 19, 2017
  • Patch: 3.8.0
Show
View Real Time Build Order
Export as new Build Order

Comments (2)

On Dec. 21, 2017, 11:03 a.m., Cytrus  said:

@MrWalingham
The video shows what you are supposed to do with marines and medivacs, clear creep, preassure zerg while in the meantime you take your third.

On Oct. 29, 2017, 7:10 a.m., MrWalingham  said:

The video doesn't really help ...

Create an account to comment!